 Dungeon Crawl Stone Soup version 0.19.0-24-gb05acd6 (webtiles) character file.

698 Krapule the Shield-Bearer (level 7, -7/56 HPs)
             Began as a Formicid Fighter on Nov 20, 2016.
             Mangled by an orc warrior
             ... wielding a +0 war axe
              (23 damage)
             ... on level 3 of the Dungeon.
             The game lasted 00:11:47 (3789 turns).

Krapule the Shield-Bearer (Formicid Fighter)        Turns: 3789, Time: 00:11:47

Health: -7/56      AC:  5    Str: 20    XL:     7   Next: 97%
Magic:  11/11      EV: 10    Int: 10    God:
Gold:   86         SH: 14    Dex: 10    Spells: 0 memorised, 11 levels left

rFire  . . .     SeeInvis +     a - +0 trident
rCold  . . .     Gourm    .     w - +2 leather armour {MR+}
rNeg   + . .     Faith    .     c - +1 shield
rPois  .         Spirit   .     (helmet unavailable)
rElec  .         Reflect  +     (no cloak)
rCorr  .         Harm     .     (no gloves)
MR     +....                    (no boots)
Stlth  +.........               i - +3 amulet of reflection
                                (no ring)
                                s - ring of positive energy

@: no status effects
A: permanent stasis, dig shafts and tunnels, four strong arms, antennae 3
a: Dig, Shaft Self


You were on level 3 of the Dungeon.
You were not hungry.

You visited 1 branch of the dungeon, and saw 4 of its levels.
You also visited: Sewer.

You collected 86 gold pieces.

Inventory:

Hand Weapons
 a - a +0 trident (weapon)
Armour
 b - a +0 scale mail
 c - a +1 shield (worn)
 w - a +2 leather armour of magic resistance (worn)
Jewellery
 i - a +3 amulet of reflection (around neck)
 s - a ring of positive energy (left hand)
Wands
 x - a wand of random effects (43/48)
Scrolls
 e - a scroll of identify
 g - a scroll of amnesia
 j - a scroll of enchant armour
 q - 3 scrolls of remove curse
Potions
 d - 3 potions of might
 h - 5 potions of curing
 k - a potion of haste
 l - 2 potions of resistance
 m - 2 potions of agility {unknown}
 n - 2 potions of lignification
 o - a potion of beneficial mutation {unknown}
 p - a potion of berserk rage {unknown}
 t - 2 potions of flight {unknown}
 u - a potion of brilliance {unknown}
 v - 4 potions of heal wounds {unknown}
Comestibles
 f - 3 bread rations
 r - a slice of pizza
 z - 5 chunks of flesh


   Skills:
 + Level 5.4 Fighting
 + Level 4.1 Polearms
 + Level 4.9 Armour
 + Level 6.0 Shields
 + Level 2.8 Spellcasting


You had 11 spell levels left.
You didn't know any spells.

Dungeon Overview and Level Annotations

Branches:
Dungeon (4/15)
 Temple: D:4-7

Altars:
Kikubaaqudgha

Annotations:
D:4 Eustachio; Kenran's ghost, amateur MiCK


Innate Abilities, Weirdness & Mutations

You are under a permanent stasis effect.
You can dig through walls and to a lower floor.
Your four strong arms can wield two-handed weapons with a shield.
You have a pair of large antennae on your head. (SInv)


Message History

There is a stone staircase leading down here.
You start resting.
Eating one of 6 chunks of flesh.
You start eating one of the 6 chunks of flesh.
You are feeling hungry.
This raw flesh tastes terrible.
The orc shouts!
You block the orc warrior's attack.
You closely miss the orc warrior.
The orc warrior hits you with a war axe!
You closely miss the orc warrior. You hit the orc warrior.
The orc warrior is lightly wounded.
You block the orc warrior's attack.
You hit the orc warrior.
The orc warrior is heavily wounded.
The orc warrior hits you with a war axe!!
* * * LOW HITPOINT WARNING * * *
The orc warrior hits you with a war axe!!
You die...

##>## #...>.....#.##.#
#.... 8...8
####......#.##.# #....
#..!..##...........##.#
#....
8.....8#.....#.#.####.##
#....
#.....#####.##.#.#.....#
#....
#8...8##.......#.#.#####
#.... #.....#####.##..o#.#
#.... 8.....8 #.##..o#.#
##### #.....#
#.##..@#.##############
8...8
####......................
##_##
#..####.#...#####.########
###### ##.# #.#....# #.#
#.... ....#####.# #.#....#
#.# #....
........#.####.#....# #.#
#[...
....###........#.#..# #.#
##### ....#
#........#.#..####'####
##†##
#..#####.#.#..........#


You could see an orc warrior and an orc.

Vanquished Creatures
  Edmund (D:4)
  4 big kobolds
  An orc wizard (D:4)
  Natasha (thrice) (D:3)
  A worker ant (D:4)
  Robin (D:2)
  3 adders
  An ooze (Sewer)
  2 dart slugs
  3 worms (D:3)
  7 leopard geckos
  8 orcs
  12 giant cockroaches
  13 goblins
  9 hobgoblins
  8 jackals
  A quokka (D:2)
  3 ball pythons
  8 bats
  3 frilled lizards
  29 kobolds
  15 rats
136 creatures vanquished.

Vanquished Creatures (others)
  A kobold (Sewer)
1 creature vanquished.

Grand Total: 137 creatures vanquished

Notes
Turn   | Place    | Note
-------+----------+-------------------------------------------
     0 | D:1      | Krapule the Formicid Fighter began the quest for the Orb.
     0 | D:1      | Reached XP level 1. HP: 18/18 MP: 1/1
    79 | D:1      | Reached XP level 2. HP: 13/24 MP: 2/2
   417 | D:1      | Reached XP level 3. HP: 29/29 MP: 3/3
   528 | D:1      | Reached skill level 4 in Shields
   720 | D:1      | You fall through a shaft!
   855 | D:2      | Reached XP level 4. HP: 26/35 MP: 4/4
  1020 | D:2      | Noticed Robin
  1045 | D:2      | Killed Robin
  1712 | D:3      | Reached XP level 5. HP: 42/42 MP: 4/6
  1874 | D:3      | Reached skill level 1 in Spellcasting
  1993 | D:3      | Found an ancient bone altar of Kikubaaqudgha.
  2129 | D:3      | Noticed a big kobold
  2144 | D:3      | Killed a big kobold
  2144 | D:3      | Reached skill level 5 in Shields
  2144 | D:3      | Reached XP level 6. HP: 40/48 MP: 6/8
  2309 | D:3      | Noticed Natasha
  2320 | D:3      | Killed Natasha
  2543 | D:3      | Noticed Natasha
  2570 | D:3      | Killed Natasha
  2577 | D:3      | Noticed Natasha
  2592 | D:3      | Killed Natasha
  2732 | D:4      | Noticed an orc warrior
  2780 | D:4      | Noticed Eustachio
  2862 | D:4      | Found a glowing drain.
  2884 | Sewer    | Entered a sewer
  2955 | Sewer    | Reached XP level 7. HP: 37/55 MP: 10/10
  3152 | Sewer    | Reached skill level 5 in Fighting
  3477 | D:4      | Noticed Kenran's ghost (amateur MiCK)
  3587 | D:4      | Noticed Edmund
  3606 | D:4      | Killed Edmund
  3613 | D:4      | Reached skill level 6 in Shields
  3789 | D:3      | Mangled by an orc warrior

Skill      XL: |  1  2  3  4  5  6  7 |
---------------+----------------------+-----
Shields        | 4 5 6 |  6.0
Polearms       | 3 4 |  4.1
Fighting       | 4 5 |  5.4
Spellcasting   | 1 2 |  2.8
Armour         | 4 |  4.9

Action                   |  1- 3 |  4- 6 |  7- 9 || total
-------------------------+-------+-------+-------++-------
Melee: Trident           |   116 |   300 |   141 ||   557
  Use: Scroll            |       |    11 |       ||    11
  Eat: Chunk             |       |     7 |     4 ||    11
Armor: Scale mail        |    46 |    95 |    40 ||   181
Dodge: Dodged            |    30 |    99 |    27 ||   156
Block: Shield            |    44 |   130 |    99 ||   273
       Reflection        |       |     1 |     1 ||     2
